 Dungeon Crawl Stone Soup version 0.29-a0-397-g846e4a0bbc (webtiles) character file.

Game seed: 17664731624372401349

596 avis the Cleaver (level 7, 0/64 HPs)
             Began as a Hill Orc Monk on May 12, 2022.
             Was a Believer of Beogh.
             Slain by an iguana (8 damage)
             ... on level 6 of the Dungeon.
             The game lasted 00:18:00 (6473 turns).

avis the Cleaver (Hill Orc Monk)                    Turns: 6473, Time: 00:18:00

Health: 0/64       AC:  7    Str: 16    XL:     7   Next: 40%
Magic:  9/9        EV: 11    Int: 10    God:    Beogh [**....]
Gold:   221        SH:  0    Dex: 13    Spells: 6/6 levels left

rFire   . . .      SeeInvis .   a - +0 war axe
rCold   . . .      Faith    .   (no shield)
rNeg    . . .      Spirit   .   e - +0 ring mail
rPois   .          Reflect  .   (no helmet)
rElec   .          Harm     .   (no cloak)
rCorr   .          Rampage  .   j - +1 pair of gloves
Will    .....                   (no boots)
Stlth   +.........              (no amulet)
HPRegen 0.20/turn               (no ring)
MPRegen 0.11/turn               (no ring)

@: no status effects
A: no striking features
a: Renounce Religion, Smiting


You were on level 6 of the Dungeon.
You worshipped Beogh.
Beogh was pleased with you.
You visited 2 branches of the dungeon, and saw 7 of its levels.

You collected 275 gold pieces.
You spent 54 gold pieces at shops.

Inventory:

Hand Weapons
 a - a +0 war axe (weapon)
Missiles
 m - 122 stones
 u - a boomerang
 v - 5 poisoned darts (quivered)
Armour
 e - a +0 ring mail (worn)
 j - a +1 pair of gloves (worn)
Wands
 B - a wand of paralysis (13)
 C - a wand of flame (19)
Scrolls
 d - 4 scrolls of teleportation
 f - a scroll of brand weapon {unknown}
 g - a scroll of immolation {unknown}
 h - a scroll of amnesia {unknown}
 r - a scroll of vulnerability {unknown}
 s - a scroll of identify {unknown}
Potions
 b - a potion of berserk rage {unknown}
 c - 2 potions of ambrosia
 i - a potion of flight {unknown}
 n - a potion of invisibility {unknown}
 t - a potion of mutation {unknown}
 w - 2 potions of curing {unknown}
 z - a potion of degeneration {unknown}
 A - a potion of heal wounds {unknown}


   Skills:
 * Level 6.6 Fighting
 * Level 8.5 Axes
 - Level 2.4 Dodging
 - Level 1.5 Stealth
 + Level 2.7 Invocations


You had 6 spell levels left.
You didn't know any spells.
Your spell library contained the following spells:

 Spells                   Type           Power      Damage    Failure   Level
 Sandblast                Erth           0%         2d4       58%         1
 Slow                     Hex            0%         N/A       58%         1
 Corpse Rot               Necr/Air       0%         N/A       73%         2
 Poisonous Vapours        Pois/Air       0%         N/A       73%         2
 Confusing Touch          Hex            0%         N/A       91%         3
 Gell's Gravitas          Tloc           0%         N/A       91%         3
 Lesser Beckoning         Tloc           0%         N/A       91%         3
 Teleport Other           Tloc           0%         N/A       91%         3
 Vampiric Draining        Necr           0%         2d6       91%         3


Dungeon Overview and Level Annotations

Branches:
Dungeon (6/15)             Temple (1/1) D:5

Altars:
Dithmenos
Hepliaklqana
Okawaru
Qazlal
Uskayaw

Shops:
D:1 [

Annotations:
D:5 3 runed translucent doors, elongatedgoose's ghost, amateur KoBr


Message History

There is a stone staircase leading up here.
There is a stone staircase leading up here.
Found a stone staircase leading down.
There is an escape hatch in the ceiling here.
A mysterious force pulls you upwards. The hatch slams shut behind you.
Level annotation: 3 runed translucent doors, elongatedgoose's ghost, amateur KoBr
There is a stone staircase leading down here.
You climb downwards.
Found a scroll labelled IDUXUK KEZULOY.
There is a stone staircase leading up here.
h - a scroll labelled IDUXUK KEZULOY
There is a stone staircase leading up here.
You climb upwards.
Level annotation: 3 runed translucent doors, elongatedgoose's ghost, amateur KoBr
There is a stone staircase leading down here.
There is an escape hatch in the floor here.
You slide downwards.
The hatch slams shut behind you.
The ogre shouts!
Found a war axe.
Found a glowing grey potion and 8 gold pieces.
Throw: 6 darts (poison)
Press: ? - help, Q - select action, (/) - cycle Shift-Dir - straight line You throw a poisoned dart.
The poisoned dart hits the ogre.
The ogre is poisoned.
You hit the ogre but do no damage. You hit the iguana but do no damage.
The iguana bites you.
The ogre hits you with a +0 giant spiked club!
You slash the ogre!
The ogre is moderately wounded.
You hit the iguana but do no damage. The iguana bites you.
The ogre hits you with a +0 giant spiked club!!
Ouch! That really hurt!
* * * LOW HITPOINT WARNING * * *
You slash the ogre!
The ogre is severely wounded.
You hit the iguana. The iguana closely misses you.
You hit the ogre but do no damage.
The ogre is almost dead.
You hit the iguana. The iguana bites you!
You die...

#.....)....
#..........
#..........
#..........
#.........$
#..........
#...l......
#..@O(.....
########..!


You could see an ogre (poisoned) and an iguana.

Vanquished Creatures
  A phantom (D:5)
  2 scorpions (D:5)
  2 hounds
  4 iguanas
  An orc wizard (D:4)
  4 gnolls
  6 adders
  2 worms
  2 dart slugs
  10 orcs
  12 endoplasms
  2 giant cockroaches
  14 goblins
  6 hobgoblins
  6 jackals
  3 quokkas
  6 ball pythons
  5 bats
  5 frilled lizards
  6 kobolds
  4 rats
103 creatures vanquished.

Notes
Turn   | Place    | Note
-------+----------+-------------------------------------------
     0 | D:1      | avis the Hill Orc Monk began the quest for the Orb.
     0 | D:1      | Reached XP level 1. HP: 19/19 MP: 1/1
    61 | D:1      | Found Zast's Armour Shop.
   133 | D:1      | Reached XP level 2. HP: 16/27 MP: 2/2
   697 | D:1      | Reached skill level 5 in Axes
   708 | D:1      | Reached XP level 3. HP: 23/33 MP: 3/3
  1107 | D:1      | Bought a +0 pair of gloves for 54 gold pieces
  1259 | D:2      | Identified the +0 leather armour of Tomorrow {rF+}
  2126 | D:2      | Reached XP level 4. HP: 18/41 MP: 4/4
  2755 | D:3      | Found a faded altar of an unknown god.
  2772 | D:3      | Reached skill level 6 in Axes
  2779 | D:3      | Got Plato's Papyrus of Clay
  3045 | D:2      | Reached XP level 5. HP: 31/47 MP: 5/5
  3456 | D:3      | Reached skill level 5 in Fighting
  3724 | D:3      | Found a hazy altar of Hepliaklqana.
  4042 | D:4      | Reached skill level 7 in Axes
  4087 | D:4      | Found a stormy altar of Qazlal.
  4222 | D:4      | Became a worshipper of Beogh the Brigand
  4222 | D:4      | Reached * piety under Beogh
  4222 | D:4      | Reached ** piety under Beogh
  4314 | D:4      | Reached XP level 6. HP: 44/56 MP: 6/6
  4733 | D:4      | Found an iron altar of Okawaru.
  4914 | D:5      | Entered Level 5 of the Dungeon
  4923 | D:5      | Reached skill level 1 in Invocations
  5225 | D:5      | Found a shadowy altar of Dithmenos.
  5286 | D:5      | Reached skill level 8 in Axes
  5286 | D:5      | Reached XP level 7. HP: 31/63 MP: 8/8
  5850 | D:5      | Found a hide-covered altar of Uskayaw.
  6095 | D:5      | Found a staircase to the Ecumenical Temple.
  6104 | Temple   | Entered the Ecumenical Temple
  6177 | D:5      | Found a runed translucent gate.
  6177 | D:5      | Found a runed translucent gate.
  6177 | D:5      | Found a runed translucent gate.
  6270 | D:5      | Noticed elongatedgoose's ghost (amateur KoBr)
  6473 | D:6      | Slain by an iguana

Illustrated notes

Levels and vault maps discovered:
D:1:      heliophobic_arrival_henge, layout_loops_ring, serial_shops,
          nicolae_shop_behind_doors, corexii_hall_statues_deadend
D:2:      minmay_diamond_boxcup, layout_basic
D:3:      layout_loops_cross, nicolae_hepliaklqana_hippocampus,
          shapermc_ecumenical_altar_rom_forum
D:4:      layout_basic, okawaru_trees_1, nicolae_overflow_hidden_temple,
          hangedman_decor_opposing
D:5:      layout_cave_pools, nicolae_dithmenos_the_darkroom,
          mainiacjoe_overflow_surrounded_room, lemuel_temple_firewalk_b,
          gammafunk_ghost_necromancy
D:6:      minmay_chambers_of_fours, layout_basic,
          nicolae_ru_great_annihilating_truth, jmf_multi_god_temple2,
          chequers_serial_rivers_micro_a
Temple:   zaba_magenta_temple

Skill      XL: |  1  2  3  4  5  6 |
---------------+-------------------+-----
Fighting       | 4 5 6 |  6.6
Axes           | 5 6 7 8 |  8.5
Invocations    | 2 |  2.7
Dodging        | |  2.4
Stealth        | |  1.5

Action                   |  1- 3 |  4- 6 |  7- 9 || total
-------------------------+-------+-------+-------++-------
Melee: Hand axe          |   156 |   140 |       ||   296
       War axe           |       |    45 |    37 ||    82
       Punch             |       |     2 |     1 ||     3
Throw: Dart              |       |       |     1 ||     1
Invok: Convert to Beogh  |       |     1 |       ||     1
  Use: Scroll            |       |       |     1 ||     1
 Stab: Sleeping          |       |     1 |       ||     1
Armor: Robe              |     3 |       |       ||     3
       Ring mail         |    63 |    69 |     9 ||   141
Dodge: Dodged            |    79 |   105 |    18 ||   202

Table legend: (Time is in decaauts)
 A = Elapsed time spent in this place.
 B = Non-inter-level travel time spent in this place.
 C = Inter-level travel time spent in this place.
 D = Time resting spent in this place.
 E = Time spent auto-exploring this place.
 F = Levels seen in this place.
 G = Mean time per level.
                   A        B        C        D        E       F      G
               +--------+--------+--------+--------+--------+-----+--------+
         Total |   6505 |   5788 |    717 |   1520 |   2978 |   7 |  929.3 |
       Dungeon |   6485 |   5768 |    717 |   1520 |   2978 |   6 | 1080.8 |
        Temple |     19 |     19 |      0 |      0 |      0 |   1 |   19.0 |
               +--------+--------+--------+--------+--------+-----+--------+

Top non-repeatable levels by time:
     D:2: 1722 daAuts
     D:1: 1414 daAuts
     D:5: 1304 daAuts
     D:4: 1049 daAuts
     D:3: 963 daAuts
     D:6: 30 daAuts
  Temple: 19 daAuts
